 Dungeon Sprint DCSS version 0.17-a0-18-gc25b939 (webtiles) character file.

9410 BluebellGnoll the Champion of Chaos (level 11, -3/64 HPs)
             Began as a Spriggan Assassin on Mar 7, 2015.
             Was the Champion of Makhleb.
             Killed from afar by a white draconian (35 damage)
             ... with a chilling blast
             ... in the Dungeon (Sprint V: "Ziggurat Sprint").
             The game lasted 00:24:13 (1263 turns).

BluebellGnoll the Champion of Chaos (SpAs)          Turns: 1263, Time: 00:24:14

Health: -3/64      AC: 31    Str: 22      XL:     11   Next: 22%
Magic:  32/32      EV: 18    Int: 12 (13) God:    Makhleb [******]
Gold:   0          SH:  9    Dex: 22      Spells: 2 memorised, 6 levels left

rFire  + . .     SeeInvis +     U - +3 lightning rod (0/12)
rCold  . . .     Clarity  .     J - +12 gold dragon armour
rNeg   + . .     SustAb   .     M - +3 buckler
rPois  +         Gourm    .     (helmet restricted)
rElec  .         Spirit   .     e - +3 cloak of Psecema {rC- rN+ Regen+ Dex+4}
rCorr  .         Warding  .     (gloves unavailable)
rMut   .         NoTele   +     (boots unavailable)
MR     +....                    (no amulet)
Stlth  ..........               v - +6 ring of strength
                                w - +6 ring of strength

@: liquid flames, glowing, studying Invocations, very quick, somewhat resistant
to hostile enchantments, extremely unstealthy
A: unfitting armour, see invisible, herbivore 3, speed 3, slow metabolism 2
a: Minor Destruction, Lesser Servant of Makhleb, Major Destruction, Greater
Servant of Makhleb, Renounce Religion


You were in the Dungeon.
You worshipped Makhleb.
Makhleb was exalted by your worship.
You were full.

You visited 1 branch

Inventory:

Hand weapons
 b - a +0 blowgun
 N - a +5 quick blade of piercing
 O - a +5 rapier of electrocution
Missiles
 f - 2 curare-tipped needles
Armour
 e - the +3 cloak of Psecema (worn) {rC- rN+ Regen+ Dex+4}
   (You found it in the Dungeon)

   It affects your dexterity (+4).
   It makes you vulnerable to cold.
   It protects you from negative energy.
   It increases your rate of regeneration.
 J - a +12 gold dragon armour (worn)
 M - a +3 buckler (worn)
Rods
 S - a +4 lightning rod (9/9)
   (You found it in the Dungeon)
 T - a +2 rod of shadows (3/13)
   (You found it in the Dungeon)
 U - a +3 lightning rod (0/12) (weapon)
   (You took it off a deep elf mage in the Dungeon)
Jewellery
 r - a +6 ring of dexterity
 s - an uncursed ring of ice
 t - a +6 ring of intelligence
 u - a +6 ring of intelligence
 v - a +6 ring of strength (right hand)
 w - a +6 ring of strength (left hand)
 R - the ring "Jannyx" {rElec rPois Str+4 Int+3 Dex-2}
   (You took it off a centaur in the Dungeon)

   [ring of poison resistance]

   It affects your strength (+4).
   It affects your intelligence (+3).
   It affects your dexterity (-2).
   It insulates you from electricity.
   It protects you from poison.
Magical devices
 n - a wand of disintegration (5)
 o - a wand of fire (2)
 p - a wand of cold (4)
 q - a wand of draining (0)
Scrolls
 m - 4 scrolls of blinking
 y - 4 scrolls of amnesia
 z - 3 scrolls of recharging
 A - 7 scrolls of fog
 B - a scroll of holy word
 C - 5 scrolls of identify
 D - 4 scrolls of remove curse
 E - 2 scrolls of fear
 P - a scroll of enchant armour
Potions
 h - 10 potions of curing
 i - 8 potions of heal wounds
 j - 5 potions of haste
 k - 7 potions of magic
 l - 3 potions of berserk rage
 F - 2 potions of brilliance
 G - 2 potions of invisibility
 H - 2 potions of restore abilities
 I - 4 potions of resistance
 K - 4 potions of agility
 L - 5 potions of might
Books
 Q - the Papyrus of Hexes and Protection
   (You found it in the Dungeon)

   Spells                             Type                      Level
   a - Corona                         Hexes                        1
   b - Shroud of Golubria             Charms/Translocation         2
   c - Swiftness                      Charms/Air                   2
   d - Spectral Weapon                Hexes/Charms                 3
   e - Enslavement                    Hexes                        4
   f - Discord                        Hexes                        8
 V - a manual of Invocations
Miscellaneous
 a - an ornate deck of defence
 c - a legendary deck of defence {drawn: 3}
 X - a phantom mirror
 Y - a plain deck of defence
 Z - a fan of gales
Comestibles
 g - 5 bread rations
 x - 33 fruits
 W - 3 royal jellies


   Skills:
 - Level 10.4 Fighting
 - Level 13.8 Short Blades
 - Level 2.1 Throwing
 - Level 5.5 Armour
 - Level 15.3 Dodging
 - Level 5.8 Stealth
 + Level 15.9 Invocations
 * Level 11.8 Evocations


You had 6 spell levels left.
You knew the following spells:

 Your Spells              Type           Power        Failure   Level  Hunger
a - Stoneskin             Trmt/Erth      #.......     100%        2    ###....
b - Repel Missiles        Chrm/Air       #.....       100%        2    ###....


Dungeon Overview and Level Annotations

Branches:
Dungeon (1/1)

Altars:
Ashenzari
Cheibriados
Dithmenos
Elyvilon
Fedhas
Gozag
Kikubaaqudgha
Makhleb
Nemelex Xobeh
Okawaru
Qazlal
Ru
Sif Muna
Trog
Vehumet
Xom
Yredelemnul
Zin
The Shining One
Beogh
Jiyva
Lugonu


Innate Abilities, Weirdness & Mutations

You are tiny and cannot use many weapons and most armour.
You have supernaturally acute eyesight.
You are a herbivore.
You cover ground extremely quickly.
You need consume almost no food.


Message History

The large rock barely misses the purple draconian.
The large rock dissolves into shadows!
A grey draconian comes into view. It is wielding a +0 war axe of venom.
Unknown command.
Unknown command.
You are covered in liquid flames!
* * * LOW HITPOINT WARNING * * *
Found a +4 chain mail of poison resistance.
Unknown command.
Unknown command.
Wield which item (- for none, * to show all)? (? for menu, Esc to quit)
Okay, then.
Unknown command.
Drink which item? (? for menu, Esc to quit)
You feel much better.
You are covered in liquid flames!
The white draconian breathes frost at you.
The chilling blast hits you!
Ouch! That really hurt!
You die... [[)}

▓....[[...▓
▓..))=}=..▓...")))..▓
▓.......d.▓.........▓
▓.........▓.........▓
▓....dd...▓...))|...▓
▓..d.ddd..▓.....(.).▓
▓..dd.d...▓.....))..▓
▓.▓.d...▓.▓.▓.....▓.▓
▓...@§.C..▓....(....▓
▓▓▓▓▓▓▓▓▓▓▓▓▓▓▓▓▓▓▓▓▓


You could see a black draconian, a mottled draconian, a yellow draconian, a
green draconian, a purple draconian, 2 draconians, a white draconian, a grey
draconian, 2 draconians and a friendly cyclops.

Vanquished Creatures
  A deep elf annihilator (D)
  A yaktaur captain (D)
  A centaur warrior (D)
  A deep elf knight (D)
  2 deep elf summoners (D)
  A draconian (shapeshifter) (D)
  A cyclops (D)
  An orc sorcerer (D)
  3 ugly things (D)
  A black mamba (D)
  2 deep elf priests (D)
  A ynoxinul (D)
  A deep elf mage (D)
  A hippogriff (shapeshifter) (D)
  A deep elf fighter (D)
  3 wolves (D)
  3 water moccasins (D)
  A naga (D)
  A black bear (D)
  A dwarf (shapeshifter) (D)
  A centaur (D)
  An eye of draining (D)
  A crimson imp (D)
  An iron imp (D)
  4 jellies (D)
  A quasit (D)
  2 adders (D)
  An ufetubus (D)
  An adder zombie (D)
  An ooze (D)
  An orc (D)
  A bat skeleton (D)
  5 fungi (D)
49 creatures vanquished.

Vanquished Creatures (collateral kills)
  A stone giant (D)
  A cyclops (D)
  A spriggan (shapeshifter) (D)
  2 neqoxecs (D)
  2 orc warriors (D)
  A black bear (D)
  A centaur (D)
  An iron imp (D)
  2 orcs (D)
  2 hobgoblins (D)
  2 goblins (D)
16 creatures vanquished.

Vanquished Creatures (others)
  A balrug (D)
  A blizzard demon (D)
  A hellwing (D)
  A basilisk (D)
  A vampire (D)
  An ogre (D)
  A giant frog (D)
  A giant frog zombie (D)
8 creatures vanquished.

Grand Total: 73 creatures vanquished

Notes
Turn   | Place    | Note
--------------------------------------------------------------
     0 | D        | BluebellGnoll, the Spriggan Assassin, began the quest for the Orb.
     0 | D        | Reached XP level 1. HP: 10/10 MP: 2/2
     0 | D        | Found a viscous altar of Jiyva.
     0 | D        | Found a corrupted altar of Lugonu.
     0 | D        | Found a white marble altar of Elyvilon.
     2 | D        | Found a sparkling altar of Nemelex Xobeh.
     2 | D        | Found a burning altar of Makhleb.
     3 | D        | Found a deep blue altar of Sif Muna.
     3 | D        | Found a bloodstained altar of Trog.
     6 | D        | Found an iron altar of Okawaru.
    15 | D        | Found a radiant altar of Vehumet.
    17 | D        | Found a basalt altar of Yredelemnul.
    17 | D        | Found a shimmering altar of Xom.
    30 | D        | Reached skill level 5 in Armour
    30 | D        | Reached XP level 2. HP: 14/14 MP: 4/4
    73 | D        | Became a worshipper of Makhleb the Destroyer
    78 | D        | Entered arena 1.
    78 | D        | Noticed an eye of draining
    93 | D        | Killed an eye of draining
    93 | D        | Acquired Makhleb's first power
    93 | D        | Reached skill level 5 in Short Blades
    93 | D        | Reached XP level 3. HP: 17/21 MP: 3/6
    93 | D        | Reached XP level 4. HP: 20/25 MP: 4/8
   158 | D        | Entered arena 2.
   167 | D        | Reached skill level 6 in Short Blades
   170 | D        | Acquired Makhleb's second power
   180 | D        | Entered arena 3.
   180 | D        | Noticed a jelly
   180 | D        | Noticed a jelly
   180 | D        | Noticed a jelly
   180 | D        | Noticed a jelly
   181 | D        | Killed a jelly
   181 | D        | Reached skill level 7 in Short Blades
   184 | D        | Killed a jelly
   184 | D        | Reached skill level 5 in Fighting
   184 | D        | Reached XP level 5. HP: 28/30 MP: 10/10
   187 | D        | Killed a jelly
   187 | D        | Acquired Makhleb's third power
   187 | D        | Reached skill level 8 in Short Blades
   191 | D        | Killed a jelly
   211 | D        | Entered arena 4.
   211 | D        | Noticed a crimson imp
   211 | D        | Noticed a quasit
   211 | D        | Noticed an iron imp
   211 | D        | Noticed an iron imp
   220 | D        | Killed a quasit
   220 | D        | Reached skill level 9 in Short Blades
   227 | D        | Killed an iron imp
   227 | D        | Reached XP level 6. HP: 34/36 MP: 12/12
   233 | D        | Killed a crimson imp
   233 | D        | Acquired Makhleb's fourth power
   233 | D        | Killed an iron imp
   233 | D        | Reached skill level 10 in Short Blades
   242 | D        | Learned a level 2 spell: Stoneskin
   243 | D        | Entered arena 5.
   243 | D        | Noticed a wolf
   243 | D        | Noticed a black bear
   243 | D        | Noticed a wolf
   243 | D        | Noticed a wolf
   243 | D        | Noticed a black bear
   244 | D        | Noticed a ynoxinul
   251 | D        | Killed a wolf
   255 | D        | Killed a wolf
   255 | D        | Reached XP level 7. HP: 40/44 MP: 14/14
   261 | D        | Killed a wolf
   261 | D        | Acquired Makhleb's fifth power
   262 | D        | Killed a black bear
   272 | D        | Killed a ynoxinul
   278 | D        | Killed a black bear
   278 | D        | Reached skill level 10 in Fighting
   443 | D        | Entered arena 6.
   443 | D        | Noticed a deep elf annihilator
   443 | D        | Noticed a deep elf priest
   443 | D        | Noticed a deep elf fighter
   443 | D        | Noticed a deep elf priest
   443 | D        | Noticed an orc sorcerer
   457 | D        | Killed an orc sorcerer
   457 | D        | Reached XP level 8. HP: 35/51 MP: 14/22
   457 | D        | Killed a deep elf fighter
   457 | D        | Killed a deep elf priest
   469 | D        | Killed a deep elf priest
   469 | D        | Reached skill level 10 in Invocations
   480 | D        | Killed a deep elf annihilator
   480 | D        | Reached skill level 12 in Invocations
   480 | D        | Reached XP level 9. HP: 55/55 MP: 16/28
   501 | D        | Identified the Papyrus of Hexes and Protection (You found it in the Dungeon)
   501 | D        | Identified the Papyrus of Hexes and Protection (You found it in the Dungeon)
   502 | D        | Entered arena 7.
   502 | D        | Noticed a cyclops
   502 | D        | Noticed a cyclops
   502 | D        | Noticed a centaur warrior
   505 | D        | Noticed a centaur
   506 | D        | Noticed a centaur
   507 | D        | Identified the +0 falchion of Famine {holy, rF+ Int+5}
   508 | D        | Killed a centaur
   508 | D        | Killed a cyclops
   509 | D        | Noticed a yaktaur captain
   528 | D        | Killed a centaur
   536 | D        | Killed a centaur warrior
   551 | D        | Killed a yaktaur captain
   551 | D        | Reached skill level 14 in Dodging
   551 | D        | Reached XP level 10. HP: 39/60 MP: 29/29
   558 | D        | Killed a cyclops
   558 | D        | Reached skill level 15 in Dodging
   564 | D        | Got the ring "Jannyx" {rElec rPois Str+4 Int+3 Dex-2}
   667 | D        | Entered arena 8.
   667 | D        | Noticed a black mamba
   667 | D        | Noticed a water moccasin
   667 | D        | Noticed a water moccasin
   667 | D        | Noticed a naga
   667 | D        | Noticed a water moccasin
   669 | D        | Killed a black mamba
   669 | D        | Killed a water moccasin
   669 | D        | Killed a water moccasin
   674 | D        | Killed a naga
   674 | D        | Reached skill level 5 in Evocations
   674 | D        | Killed a water moccasin
   698 | D        | Identified the Collected Works on Contamination and Confrontation (You found it in the Dungeon)
   701 | D        | Identified the Guide on Lightness and Arcane Weapons (You found it in the Dungeon)
   711 | D        | Learned a level 2 spell: Repel Missiles
   734 | D        | Identified a +2 rod of shadows (13/13) (You found it in the Dungeon)
   765 | D        | Entered arena 9.
   765 | D        | Noticed a deep elf mage
   765 | D        | Noticed a deep elf summoner
   765 | D        | Noticed a deep elf knight
   765 | D        | Noticed a deep elf summoner
   771 | D        | Killed a deep elf summoner
   772 | D        | Killed a deep elf mage
   773 | D        | Killed a deep elf knight
   787 | D        | Killed a deep elf summoner
   787 | D        | Reached skill level 10 in Evocations
   937 | D        | Entered arena 10.
   937 | D        | Noticed a troll
   937 | D        | Noticed a dwarf
   937 | D        | Noticed a hippogriff
   937 | D        | Noticed a white ugly thing
   937 | D        | Noticed a neqoxec
   937 | D        | Noticed a draconian
   937 | D        | Noticed a neqoxec
   937 | D        | Noticed a cyan ugly thing
   937 | D        | Noticed a brown ugly thing
   942 | D        | Killed a dwarf
   943 | D        | Killed a draconian
   943 | D        | Noticed an unseen horror
   943 | D        | a troll changed into an unseen horror
   945 | D        | an unseen horror changed into a spriggan
   945 | D        | Killed a neqoxec
   946 | D        | Killed a hippogriff
   946 | D        | Killed a white ugly thing
   946 | D        | Killed a cyan ugly thing
   946 | D        | Reached XP level 11. HP: 64/64 MP: 29/31
   953 | D        | Killed a brown ugly thing
   953 | D        | Reached skill level 15 in Invocations
   957 | D        | Killed a neqoxec
  1100 | D        | Entered arena 11.
  1100 | D        | Noticed an orc warrior
  1100 | D        | Noticed a stone giant
  1101 | D        | Noticed an orc warrior
  1106 | D        | Killed an orc warrior
  1111 | D        | Killed an orc warrior
  1116 | D        | Killed a stone giant
  1136 | D        | Got the +3 cloak of Psecema {rC- rN+ Regen+ Dex+4}
  1255 | D        | Entered arena 12.
  1255 | D        | Noticed a pale draconian
  1255 | D        | Noticed a mottled draconian
  1255 | D        | Noticed a pale draconian
  1255 | D        | Noticed a black draconian
  1255 | D        | Noticed a white draconian
  1255 | D        | Noticed a yellow draconian
  1255 | D        | Noticed a purple draconian
  1255 | D        | Noticed a red draconian
  1257 | D        | Noticed a green draconian
  1258 | D        | Noticed a red draconian
  1262 | D        | Noticed a grey draconian
  1263 | D        | Killed from afar by a white draconian

Action                   |  1- 3 |  4- 6 |  7- 9 | 10-12 || total
-------------------------+-------+-------+-------+-------++-------
Melee: Quick blade       |    14 |    41 |    75 |    59 ||   189
 Cast: Repel Missiles    |       |       |       |     1 ||     1
       Stoneskin         |       |       |       |     1 ||     1
Invok: Lesser Servant of |       |     3 |       |       ||     3
       Greater Servant o |       |       |     3 |       ||     3
       Major Destruction |       |       |     2 |     2 ||     4
Evoke: Wand              |       |     2 |     6 |     3 ||    11
       Deck              |       |       |     3 |       ||     3
       Rod               |       |       |       |    23 ||    23
  Use: Potion            |     1 |       |     3 |     1 ||     5
       Scroll            |       |     1 |       |     9 ||    10
 Stab: Distracted        |       |     1 |     1 |       ||     2
  Eat: Fruit             |       |       |       |     9 ||     9
